Map: 地龙岛-天梯版

Players

IIIIIIIII

  • Race: Terran Terran

电脑难度(新手) - Winner!

  • Race: Terran Terran

VOD

Have the link to the VOD?

Description

Time

  • Played on: Dec. 25, 2018, 9:04 a.m.
  • Length: 8:30
Show
View Real Time Build Order
Export as new Build Order

IIIIIIIII Terran 

Build Orders: Reaper Expand 

Get SALT Encoding   

  6  0:00  SCV  
  13  0:12  SCV  
  14  0:18  Supply Depot  
  14  0:24  SCV  
  15  0:40  Barracks, SCV  
  16  0:46  Refinery  
  16  0:52  SCV  
  17  1:04  SCV  
  18  1:17  SCV  
  19  1:28  Reaper  
  19  1:29  Orbital Command  
  20  1:48  Command Center  
  20  1:57  SCV  
  20  2:00  Barracks Reactor  
  21  2:02  Bunker  
  21  2:15  SCV, Supply Depot  
  22  2:24  Factory  
  22  2:28  Refinery  
  22  2:29  SCV  
  23  2:37  Marine x2  
  23  2:42  SCV  
  26  2:54  SCV  
  26  2:56  Marine x2  
  29  3:00  Orbital Command  
  29  3:07  SCV  
  29  3:09  Factory Tech Lab  
  29  3:11  Starport  
  30  3:19  Refinery, SCV  
  31  3:29  Barracks Tech Lab  
  31  3:30  Cyclone  
  31  3:31  SCV  
  35  3:35  SCV  
  36  3:44  SCV  
  36  3:46  Supply Depot  
  37  3:51  SCV  
  37  3:55  Marine, Raven  
  40  3:56  Marine  
  40  3:57  SCV  
  43  4:07  Cyclone  
  43  4:09  SCV  
  47  4:12  SCV  
  47  4:13  Supply Depot  
  48  4:23  SCV  
  49  4:37  Raven, SCV x2  
  53  4:47  Command Center, Supply Depot  
  53  4:51  Siege Tank  
  53  4:52  SCV  
  57  4:58  Marine  
  57  4:59  Marine, SCV  
  60  5:04  SCV  
  61  5:10  Supply Depot  
  61  5:11  SCV  
  62  5:24  SCV  
  62  5:27  Marine, Viking x2  
  68  5:32  Siege Tank  
  68  5:34  Barracks  
  71  5:36  Stimpack  
  71  5:37  Barracks, SCV x2  
  73  5:44  Supply Depot  
  73  5:45  Refinery  
  73  5:51  SCV  
  73  5:55  Engineering Bay  
  74  5:59  SCV, Engineering Bay  
  74  6:01  Engineering Bay  
  74  6:02  Viking x2  
  74  6:03  SCV  
  80  6:07  Siege Tank  
  83  6:12  Orbital Command  
  83  6:18  Marine  
  86  6:22  Supply Depot  
  86  6:25  Marine x2  
  86  6:32  Viking  
  88  6:37  Marine  
  89  6:40  Orbital Command  
  89  6:43  Marine  
  89  6:44  Marine  
  91  6:52  Supply Depot  
  91  6:55  Marine  
  91  6:58  Barracks  
  91  6:59  Siege Tank  
  91  7:01  Barracks, Refinery  
  95  7:04  Refinery  
  95  7:05  SCV  
  95  7:06  SCV x2  
  98  7:08  Barracks Reactor  
  98  7:17  Starport Reactor, Supply Depot  
  98  7:18  SCV x2  
  98  7:19  Marine x2  
  98  7:20  Armory  
  98  7:21  Marine  
  103  7:23  SCV  
  104  7:30  SCV  
  105  7:37  Marine x2  
  105  7:38  Supply Depot  
  105  7:39  Marine  
  107  7:44  Marine  
  107  7:50  SCV x3  
  111  7:52  Barracks Reactor  
  111  7:53  Barracks Reactor  
  111  7:54  Medivac  
  111  7:55  Marine x2  
  111  7:57  Marine  
  116  8:02  SCV, Supply Depot  
  116  8:03  SCV  
  116  8:05  SCV  
  122  8:11  Marine x2  
  124  8:14  SCV  
  124  8:19  Supply Depot  
  125  8:22  Supply Depot  
Show
View Real Time Build Order
Export as new Build Order

电脑难度(新手) Terran - Winner!

Build Orders: Reaper Expand 

Get SALT Encoding   

  6  0:00  SCV  
  13  0:13  SCV  
  14  0:18  Supply Depot  
  14  0:42  Barracks  
  14  1:01  Command Center  
  14  1:31  Marine, Supply Depot, Orbital Command  
  15  1:35  Refinery  
  15  1:48  Refinery  
  15  1:56  SCV  
  16  2:09  SCV  
  16  2:14  SCV  
  16  2:15  Reaper  
  19  2:21  SCV  
  20  2:28  SCV  
  21  2:35  SCV  
  22  2:42  SCV  
  23  2:49  SCV  
  23  2:50  Refinery  
  24  2:56  SCV  
  25  3:02  Marine  
  25  3:04  SCV  
  27  3:11  SCV  
  28  3:18  Factory, SCV  
  29  3:40  Refinery  
  29  3:43  SCV  
  30  3:49  Marine  
  30  3:50  SCV  
  30  3:55  Supply Depot  
  32  3:57  SCV  
  33  4:04  SCV  
  33  4:05  Starport  
  33  4:08  Barracks Tech Lab  
  34  4:12  SCV  
  35  4:19  SCV  
  36  4:26  SCV  
  36  4:29  Supply Depot  
  37  4:33  SCV  
  37  4:37  Marauder  
  40  4:40  SCV  
  40  4:44  Starport Tech Lab  
  41  4:47  SCV  
  42  4:55  SCV  
  43  5:02  SCV  
  43  5:03  Raven  
  46  5:09  SCV  
  47  5:16  SCV  
  48  5:23  Marine  
  49  5:46  Raven  
  51  6:11  Marine  
  52  6:59  Marauder  
  54  7:41  Raven  
  46  7:46  Marine  
Tags
 
Add a new tag
Caveats
  • Supply blocks, unpowered buildings, or Contaminate may cause inaccurate times.
  • Supply counts are checked every 10 seconds.